 Dungeon Crawl Stone Soup version 0.29.1-2-gbd0b4ee654 (webtiles) character file.

Game seed: 4856320861615660662

4722 GigaChad the Cleaver (level 10, -10/79 (80) HPs)
             Began as a Minotaur Fighter on Nov 22, 2022.
             Was an Elder of Hepliaklqana.
             Mangled by a five-headed hydra (11 damage)
             ... on level 1 of the Lair of Beasts.
             The game lasted 00:20:18 (7781 turns).

GigaChad the Cleaver (Minotaur Fighter)             Turns: 7781, Time: 00:20:19

HP:   -10/79 (80)   AC: 10    Str: 25    XL:     10   Next: 22%
MP:   9/9           EV: 10    Int: 11    God:    Hepliaklqana [****..]
Gold: 421           SH:  5    Dex: 10    Spells: 9/9 levels left

rFire   . . .      SeeInvis .   a - +0 war axe (vorpal)
rCold   . . .      Faith    .   c - +0 buckler
rNeg    . . .      Spirit   .   H - +0 swamp dragon scales
rPois   +          Reflect  .   (helmet restricted)
rElec   .          Harm     .   (no cloak)
rCorr   .          Rampage  .   (no gloves)
Will    +....                   (no boots)
Stlth   ..........              (no amulet)
HPRegen 0.23/turn               f - ring of willpower
MPRegen 0.11/turn               D - +6 ring of intelligence

@: lightly drained
A: reduced essence, horns 2, retaliatory headbutt
a: Renounce Religion, Recall Ancestor, Ancestor Identity, Transference, Idealise


You were on level 1 of the Lair of Beasts.
You worshipped Hepliaklqana.
Hepliaklqana was greatly pleased with you.
You visited 3 branches of the dungeon, and saw 10 of its levels.

You collected 421 gold pieces.

Inventory:

Hand Weapons
 a - a +0 vorpal war axe (weapon)
 n - a +1 glaive of pain
 v - a +2 spectral club
 w - a +1 quarterstaff of distortion
 G - a +0 scimitar of flaming
 L - a +4 scimitar
Missiles
 p - 2 throwing nets (quivered)
Armour
 b - a +0 scale mail
 c - a +0 buckler (worn)
 l - the -2 pair of gloves "Leqohoobro" {rF+ rCorr Dex+9 Slay-6}
   (You found it on level 2 of the Dungeon)

   Dex:       It affects your dexterity (+9).
   Slay:      It affects your accuracy & damage with ranged weapons and melee
   (-6).
   rF:        It protects you from fire.
   rCorr:     It protects you from acid and corrosion.
 s - a +0 chain mail
 H - +0 swamp dragon scales (worn)
Jewellery
 f - a ring of willpower (left hand)
 o - an amulet of magic regeneration
 D - a +6 ring of intelligence (right hand)
Wands
 j - a wand of flame (36)
 u - a wand of acid (7)
 z - a wand of polymorph (13)
 I - a wand of paralysis (27)
Scrolls
 g - a scroll of blinking
 h - 2 scrolls of noise
 k - 4 scrolls of identify
 q - 4 scrolls of summoning
 x - a scroll of poison {unknown}
 y - a scroll of enchant weapon {unknown}
 A - a scroll of amnesia
 B - a scroll of vulnerability
 E - a scroll of fear
Potions
 d - 2 potions of might
 e - 3 potions of attraction {unknown}
 i - 3 potions of haste {unknown}
 m - 6 potions of curing {unknown}
 r - a potion of brilliance {unknown}
 t - a potion of resistance {unknown}
 C - 3 potions of heal wounds {unknown}
 F - a potion of ambrosia {unknown}
 J - a potion of degeneration {unknown}
 K - a potion of magic {unknown}
 M - a potion of flight {unknown}


   Skills:
 * Level 8.3 Fighting
 - Level 11.5 Axes
 * Level 10.7 Armour
 * Level 6.6 Shields
 * Level 1.0 Necromancy
 * Level 1.2 Invocations


You had 9 spell levels left.
You didn't know any spells.
Your spell library contained the following spells:

 Spells                   Type           Power      Damage    Failure   Level
 Animate Dead             Necr           2%         N/A       99%         4
 Borgnjor's Vile Clutch   Necr/Erth      0%         N/A       100%        5
 Death Channel            Necr           1%         N/A       100%        6
 Malign Gateway           Summ/Tloc      0%         N/A       100%        7
 Summon Horrible Things   Summ           0%         N/A       100%        8


Dungeon Overview and Level Annotations

Branches:
Dungeon (8/15)             Temple (1/1) D:6            Lair (1/5) D:8

Altars:
Ashenzari
Cheibriados
Dithmenos
Elyvilon
Fedhas
Gozag
Hepliaklqana
Kikubaaqudgha
Nemelex Xobeh
Okawaru
Qazlal
Ru
Sif Muna
Vehumet
Wu Jian
Xom
Yredelemnul
Zin
The Shining One

Shops:
D:1 ::([:   D:2 :=

Annotations:
D:3 2 transporters, sanboga's ghost, novice OgBe
D:7 1 runed translucent door, kingsuperguy's ghost, novice MiBe
D:8 1 runed translucent door, ConnorV's ghost, novice MiFi
Temple 4 transporters


Innate Abilities, Weirdness & Mutations

Your life essence is reduced to manifest your ancestor. (-10% HP)
You have a pair of horns on your head.
You reflexively headbutt those who attack you in melee.


Message History

The stone arrow hits the bullfrog!
The bullfrog barely misses you.
You slash the bullfrog!
You kill the bullfrog!
Your Necromancy skill increases to level 1!
You now have 421 gold pieces (gained 14).
Found an escape hatch in the floor.
There is an escape hatch in the floor here.
A four-headed hydra comes into view.
The four-headed hydra roars!
Bruce points at the four-headed hydra and mumbles some strange words.
The stone arrow hits the four-headed hydra!
The four-headed hydra bites you but does no damage. x2
The four-headed hydra bites you! The four-headed hydra bites you.
Bruce casts a spell at the four-headed hydra.
The puff of frost hits the four-headed hydra!
The four-headed hydra bites you. x2
You block the four-headed hydra's attack.
The four-headed hydra bites you.
You slice one of the four-headed hydra's heads off!
The three-headed hydra grows two more!
You hit the five-headed hydra.
The five-headed hydra is moderately wounded.
The five-headed hydra bites you but does no damage.
The five-headed hydra bites you. The five-headed hydra bites you!
The five-headed hydra bites you. The five-headed hydra bites you!
You barely miss the five-headed hydra. You headbutt the five-headed hydra.
The five-headed hydra is heavily wounded.
The five-headed hydra bites you!
* * * LOW HITPOINT WARNING * * *
The five-headed hydra bites you.
* * * LOW HITPOINT WARNING * * *
The five-headed hydra misses you. The five-headed hydra bites you!
* * * LOW HITPOINT WARNING * * *
The five-headed hydra bites you but does no damage.
Bruce hits the five-headed hydra with a +0 quarterstaff!!
The five-headed hydra attacks as you move away!
You block the five-headed hydra's attack.
The five-headed hydra barely misses you.
The five-headed hydra bites you!
You die...

#...# ........#
#...# ........##
#..##
.........## #..#
..........#
###.##
..........##
#P..#
..........P#
##..#
........D.# #..#
#.....@R# ##..#
#.##...####
#...##
###.>..####..#.#
##......#...###
######......P#
##......##
#.......P#
#.......##
#.......#


You could see the friendly Bruce the battlemage and a five-headed hydra (ally
target).

Vanquished Creatures
  Maggie (D:8)
  A komodo dragon (D:8)
  A hornet (D:8)
  A wyvern (D:5)
  An ice beast (D:5)
  2 ogres
  A centaur (D:7)
  3 kobold brigands (D:8)
  A phantom (D:5)
  3 bullfrogs
  2 wights (D:8)
  A jelly (D:6)
  An orc priest (D:7)
  2 hounds
  An iguana (D:6)
  2 gnolls (D:3)
  An adder (D:3)
  2 shadow imps
  A white imp (D:7)
  3 ufetubi
  A worm (D:3)
  3 dart slugs
  8 orcs
  3 endoplasms
  2 giant cockroaches
  3 goblins
  3 hobgoblins
  4 jackals
  15 kobolds
  3 quokkas (D:1)
  5 ball pythons
  4 bats
  6 kobold skeletons (D:8)
  4 kobold zombies (D:8)
  2 rats
97 creatures vanquished.

Vanquished Creatures (collateral kills)
  Erica (D:8)
  A black mamba (Lair:1)
  A kobold demonologist (D:8)
  Duvessa (D:4)
  An orc warrior (D:7)
  A black bear (D:6)
  A centaur (D:7)
  An ogre (D:4)
  3 kobold brigands (D:8)
  3 bullfrogs
  A necrophage (D:7)
  3 wights (D:8)
  Dowan (D:4)
  A hound (D:4)
  2 orc priests
  3 orc wizards
  Ijyb (D:4)
  A gnoll (D:3)
  11 adders
  A shadow imp (D:8)
  A white imp (D:6)
  2 ufetubi
  A dart slug (D:1)
  10 orcs
  3 bats
  An endoplasm (D:3)
  A giant cockroach (D:1)
  3 goblins
  8 hobgoblins
  2 jackals (D:2)
  2 quokkas
  3 ball pythons
  17 kobolds
  4 kobold skeletons (D:8)
  3 kobold zombies (D:8)
  A rat (D:3)
101 creatures vanquished.

Vanquished Creatures (others)
  12 plants
12 creatures vanquished.

Grand Total: 210 creatures vanquished

Notes
Turn   | Place    | Note
-------+----------+-------------------------------------------
     0 | D:1      | GigaChad the Minotaur Fighter began the quest for the Orb.
     0 | D:1      | Reached XP level 1. HP: 19/19 MP: 0/0
   103 | D:1      | Found a faded altar of an unknown god.
   133 | D:1      | Prayed at the altar of an unknown god.
   133 | D:1      | Became a worshipper of Hepliaklqana the Forgotten
   133 | D:1      | Reached * piety under Hepliaklqana
   263 | D:1      | You fall into a shaft and drop 1 floor!
   280 | D:1      | Reached XP level 2. HP: 24/24 MP: 1/1
   348 | D:1      | Found Cynwodd's Book Shop.
   466 | D:1      | Found Hemiem's Book Shop.
   557 | D:1      | Reached skill level 3 in Axes
   560 | D:1      | Found Deottid's Weapon Shoppe.
   582 | D:1      | Found Kyoqyg's Book Boutique.
   582 | D:1      | Reached ** piety under Hepliaklqana
   583 | D:1      | Remembered your ancestor Bruce as a battlemage
   648 | D:1      | Found Vuloan's Antique Armour Shop.
  1065 | D:1      | Reached XP level 3. HP: 29/29 MP: 2/2
  1187 | D:2      | Identified the -2 pair of gloves "Leqohoobro" {rF+ rCorr
                  | Dex+9 Slay-6}
  1355 | D:2      | Found Fueqim's Jewellery Boutique.
  1792 | D:3      | Reached XP level 4. HP: 35/36 MP: 3/3
  1792 | D:3      | Found an opulent altar of Gozag.
  2232 | D:3      | Reached skill level 5 in Armour
  2245 | D:3      | Reached skill level 4 in Axes
  2245 | D:3      | Reached XP level 5. HP: 35/42 MP: 4/4
  2427 | D:3      | Found a transporter.
  2429 | D:3      | Identified the +5 great mace "Cyumoew" {pain, rF+ rN+ Str+4
                  | Int-3 Dex+2}
  2429 | D:3      | Noticed an ogre
  2430 | D:3      | Noticed an ogre
  2430 | D:3      | Noticed sanboga's ghost (novice OgBe)
  2432 | D:3      | Found a transporter.
  2471 | D:4      | Noticed an ogre
  2473 | D:4      | Killed an ogre
  2477 | D:4      | Reached XP level 6. HP: 43/47 MP: 5/5
  2524 | D:4      | Reached skill level 5 in Axes
  2687 | D:4      | Found an iron altar of Okawaru.
  2718 | D:4      | Noticed Duvessa
  2720 | D:4      | Noticed Dowan
  2724 | D:4      | Killed Duvessa
  2725 | D:4      | Reached skill level 5 in Fighting
  2729 | D:4      | Killed Dowan
  2878 | D:4      | Noticed Ijyb
  2880 | D:4      | Reached skill level 6 in Axes
  2880 | D:4      | Reached XP level 7. HP: 54/54 MP: 6/6
  2891 | D:4      | Killed Ijyb
  3293 | D:5      | Entered Level 5 of the Dungeon
  3450 | D:5      | Reached *** piety under Hepliaklqana
  3543 | D:5      | Noticed a wyvern
  3549 | D:5      | Killed a wyvern
  3550 | D:5      | Reached skill level 7 in Axes
  3809 | D:5      | Found a stormy altar of Qazlal.
  4352 | D:6      | Found a staircase to the Ecumenical Temple.
  4377 | Temple   | Entered the Ecumenical Temple
  4377 | Temple   | Found a transporter.
  4377 | Temple   | Found a transporter.
  4379 | Temple   | Found a transporter.
  4379 | Temple   | Found a transporter.
  4496 | D:6      | Reached XP level 8. HP: 63/63 MP: 7/7
  4501 | D:6      | Reached skill level 5 in Shields
  4509 | D:6      | Found a broken altar of Ashenzari.
  4572 | D:6      | Reached skill level 8 in Axes
  5275 | D:7      | Found a sacrificial altar of Ru.
  5312 | D:7      | Reached **** piety under Hepliaklqana
  5396 | D:7      | Found a runed translucent door.
  5396 | D:7      | Noticed kingsuperguy's ghost (novice MiBe)
  5423 | D:7      | Reached skill level 9 in Axes
  5699 | D:7      | Found a hazy altar of Hepliaklqana.
  5931 | D:7      | Found a radiant altar of Vehumet.
  6352 | D:8      | Noticed Erica
  6356 | D:8      | Killed Erica
  6357 | D:8      | Reached skill level 10 in Axes
  6357 | D:8      | Reached XP level 9. HP: 43/71 MP: 8/8
  6499 | D:8      | Found an ancient bone altar of Kikubaaqudgha.
  6499 | D:8      | Noticed a kobold demonologist
  6500 | D:8      | Noticed a sixfirhy
  6581 | D:8      | Noticed Maggie
  6596 | D:8      | Killed Maggie
  6656 | D:8      | Found an ancient bone altar of Kikubaaqudgha.
  6666 | D:8      | Noticed a komodo dragon
  6670 | D:8      | Reached skill level 10 in Armour
  6670 | D:8      | Found a staircase to the Lair.
  6674 | D:8      | Killed a komodo dragon
  6675 | D:8      | Reached skill level 11 in Axes
  6844 | D:8      | Killed a kobold demonologist
  6845 | D:8      | Reached XP level 10. HP: 58/79 MP: 9/9
  7223 | D:8      | Found a runed translucent door.
  7237 | D:8      | Noticed ConnorV's ghost (novice MiFi)
  7520 | Lair:1   | Entered Level 1 of the Lair of Beasts
  7520 | Lair:1   | Noticed a black mamba
  7524 | Lair:1   | Killed a black mamba
  7525 | Lair:1   | Reached skill level 1 in Invocations
  7752 | Lair:1   | Reached skill level 1 in Necromancy
  7774 | Lair:1   | Noticed a four-headed hydra
  7780 | Lair:1   | HP: 1/79 [five-headed hydra (13)]
  7781 | Lair:1   | Mangled by a five-headed hydra

Illustrated notes

Levels and vault maps discovered:
D:1:      psy_arrival_statuary, layout_basic, serial_shops,
          nicolae_shop_hallway_plus, shop, nicolae_shop_trees,
          nicolae_shop_bloodbath_and_beyond, nicolae_shop_statue_plus,
          ebering_ecumenical_altar_hall, kennysheep_minor_cross
D:2:      layout_loops_ring, serial_shops,
          nicolae_shop_temple_entry_statues_fountains, kennysheep_generic_room_4
D:3:      minmay_chambers_of_twos, layout_basic, nicolae_gozag_seed_capital,
          gammafunk_ghost_smash, minivault_19, nicolae_grassy_gnolls
D:4:      layout_cave_pools, okawaru_trees_1, uniq_ijyb, uniq_duvessa
D:5:      layout_basic, nicolae_qazlal_eye_of_the_storm
D:6:      layout_gridville, mainiacjoe_overflow_brackets,
          minmay_temple_entry_grid
D:7:      layout_gridville, nicolae_ru_great_annihilating_truth,
          mainiacjoe_overflow_concentric_impassable, kennysheep_mini_moat,
          hellmonk_ghost_happy_afterlife
D:8:      wander_kiku_kobolds, layout_basic, overflow_temple_1_default,
          david_lair_shrubbed, ebering_ghost_reflecting_pool, uniq_maggie,
          uniq_erica
Temple:   hellmonk_temple_divided_pantheon
Lair:1:   layout_cave_pods, lemuel_fruit_fields

Skill      XL: |  1  2  3  4  5  6  7  8  9 10 |
---------------+-------------------------------+-----
Fighting       | 4 5 7 8 |  8.3
Armour         | 4 5 6 7 9 10 | 10.7
Axes           | 3 4 6 7 10 11 | 11.5
Shields        | 4 5 6 |  6.6
Invocations    | 1 |  1.2
Necromancy     | 1 |  1.0

Action                   |  1- 3 |  4- 6 |  7- 9 | 10-12 || total
-------------------------+-------+-------+-------+-------++-------
Melee: War axe           |    39 |    42 |   122 |    31 ||   234
       Headbutt          |     2 |     7 |    25 |     6 ||    40
Invok: Ancestor Identity |     1 |       |     1 |       ||     2
       Ancestor Life: Ba |     1 |       |       |       ||     1
  Use: Scroll            |     1 |       |     9 |       ||    10
 Stab: Distracted        |       |     1 |     1 |     1 ||     3
Armor: Scale mail        |    29 |    27 |       |       ||    56
       Chain mail        |       |       |    50 |       ||    50
       Swamp dragon scal |       |       |    14 |    15 ||    29
Dodge: Dodged            |    28 |    22 |    54 |    14 ||   118
Block: Buckler           |    11 |     7 |    30 |    11 ||    59
